| TOP OF THE 1ST |
|
Charlotte Knights batting - Pitching for Orlando Devil Rays : RHP John Smoltz
|
|
Pitching: RHP John Smoltz
|
|
|
Batting: SHB Orlando Merced
|
0-0: Ball 1-0: Ball 2-0: Called Strike 2-1: Ball 3-1: Foul Ball, location: 2F 3-2: Strikes out swinging
|
|
Batting: LHB Jason Giambi
|
0-0: Ball 1-0: Ball 2-0: Foul Ball, location: 2F 2-1: SINGLE (Line Drive, 7S, EV 94.4 MPH)
|
|
Batting: SHB Carl Everett
|
0-0: Called Strike 0-1: Fly out, F8 (Flyball, 8LM, EV 91.3 MPH)
|
|
Batting: RHB Nomar Garciaparra
|
0-0: Fly out, F9 (Flyball, 9S, EV 92.5 MPH)
|
| Top of the 1st over - 0 runs, 1 hit, 0 errors, 1 left on base; Charlotte 0 - Orlando 0 |
| BOTTOM OF THE 1ST |
|
Orlando Devil Rays batting - Pitching for Charlotte Knights : RHP Kevin Tapani
|
|
Pitching: RHP Kevin Tapani
|
|
|
Batting: RHB Craig Biggio
|
0-0: Swinging Strike 0-1: Swinging Strike 0-2: Strikes out swinging
|
|
Batting: RHB Ron Gant
|
0-0: Swinging Strike 0-1: Ball 1-1: Called Strike 1-2: Strikes out looking
|
|
Batting: RHB Jeff Bagwell
|
0-0: Ball 1-0: Ball 2-0: Bunt for hit to 3S - play at first, batter safe!
|
|
Batting: RHB Tim Salmon
|
0-0: Called Strike 0-1: Swinging Strike 0-2: Foul Ball, location: 2F 0-2: Ball 1-2: Ball 2-2: Foul Ball, location: 2F 2-2: Strikes out swinging
|
| Bottom of the 1st over - 0 runs, 1 hit, 0 errors, 1 left on base; Charlotte 0 - Orlando 0 |
| TOP OF THE 2ND |
|
Charlotte Knights batting - Pitching for Orlando Devil Rays : RHP John Smoltz
|
|
Batting: RHB Shane Mack
|
0-0: Ball 1-0: Foul Ball, location: 2F 1-1: Ground out 5-3 (Groundball, 5, EV 81.3 MPH)
|
|
Batting: RHB Chuck Knoblauch
|
0-0: Swinging Strike 0-1: Foul Ball, location: 2F 0-2: Ball 1-2: Foul Ball, location: 2F 1-2: Ground out 6-3 (Groundball, 6, EV 76.9 MPH)
|
|
Batting: RHB Mark Carreon
|
0-0: Called Strike 0-1: Called Strike 0-2: Strikes out swinging
|
| Top of the 2nd over - 0 runs, 0 hits, 0 errors, 0 left on base; Charlotte 0 - Orlando 0 |
| BOTTOM OF THE 2ND |
|
Orlando Devil Rays batting - Pitching for Charlotte Knights : RHP Kevin Tapani
|
|
Batting: RHB Brian Jordan
|
0-0: Called Strike 0-1: Fly out, F4 (Popup, 4M, EV 70.6 MPH)
|
|
Batting: LHB Paul O'Neill
|
0-0: Swinging Strike 0-1: Foul Ball, location: 2F 0-2: Ball 1-2: Ground out 4-3 (Groundball, 4, EV 95.6 MPH)
|
|
Batting: RHB Ivan Rodriguez
|
0-0: Ball 1-0: Foul Ball, location: 2F 1-1: SINGLE (Line Drive, 9S, EV 95.6 MPH)
|
|
Batting: SHB Jose Valentin
|
0-0: Ball 1-0: Called Strike 1-1: 2-RUN HOME RUN (Flyball, 9D, EV 106.9 MPH), Distance : 370 ft
|
|
Batting: SHB Jose Oquendo
|
0-0: Called Strike 0-1: Foul Ball, location: 2F 0-2: Foul Ball, location: 2F 0-2: Fly out, F6 (Line Drive, 6, EV 65.0 MPH)
|
| Bottom of the 2nd over - 2 runs, 2 hits, 0 errors, 0 left on base; Charlotte 0 - Orlando 2 |
| TOP OF THE 3RD |
|
Charlotte Knights batting - Pitching for Orlando Devil Rays : RHP John Smoltz
|
|
Batting: RHB Tony Batista
|
0-0: Called Strike 0-1: Ball 1-1: Foul Ball, location: 2F 1-2: Foul Ball, location: 2F 1-2: Strikes out swinging
|
|
Batting: RHB Todd Zeile
|
0-0: Ball 1-0: Ball 2-0: Ball 3-0: Base on Balls
|
|
Batting: SHB Orlando Merced
|
0-0: Ball 1-0: Fly out, F3 (Line Drive, 3, EV 73.1 MPH)
|
|
Batting: LHB Jason Giambi
|
0-0: Called Strike 0-1: Ball 1-1: Foul Ball, location: 2F 1-2: Fly out, F8 (Line Drive, 8LD, EV 103.8 MPH)
|
| Top of the 3rd over - 0 runs, 0 hits, 0 errors, 1 left on base; Charlotte 0 - Orlando 2 |
| BOTTOM OF THE 3RD |
|
Orlando Devil Rays batting - Pitching for Charlotte Knights : RHP Kevin Tapani
|
|
Batting: RHB Craig Biggio
|
0-0: Ball 1-0: SINGLE (Line Drive, 6D, EV 101.3 MPH)
|
|
Batting: RHB Ron Gant
|
0-0: Bunt missed! 0-1: Ball 1-1: Bunt missed! 1-2: Ball 2-2: Ground out 6-3 (Groundball, 6S, EV 65.0 MPH) Craig Biggio to second
|
|
Batting: RHB Jeff Bagwell
|
0-0: Ground out 4-3 (Groundball, 4M, EV 83.8 MPH) Craig Biggio to third
|
|
Batting: RHB Tim Salmon
|
0-0: Fly out, F8 (Flyball, 89M, EV 89.4 MPH)
|
| Bottom of the 3rd over - 0 runs, 1 hit, 0 errors, 1 left on base; Charlotte 0 - Orlando 2 |
| TOP OF THE 4TH |
|
Charlotte Knights batting - Pitching for Orlando Devil Rays : RHP John Smoltz
|
|
Batting: SHB Carl Everett
|
0-0: Ball 1-0: Ball 2-0: Ball 3-0: Base on Balls
|
|
Batting: RHB Nomar Garciaparra
|
0-0: Called Strike 0-1: Foul Ball, location: 2F 0-2: Ball 1-2: Strikes out swinging
|
|
Batting: RHB Shane Mack
|
0-0: Ball 1-0: Ball 2-0: Foul Ball, location: 2F 2-1: Swinging Strike 2-2: Strikes out swinging
|
|
Batting: RHB Chuck Knoblauch
|
0-0: Called Strike 0-1: Ball Carl Everett steals 2nd base 1-1: Ball 2-1: SINGLE (Line Drive, 89M, EV 96.9 MPH) Carl Everett to third Runner from 3rd tries for Home, SAFE, throw by RF to home Chuck Knoblauch to second
|
|
Batting: RHB Mark Carreon
|
0-0: 2-RUN HOME RUN (Flyball, 78XD, EV 93.1 MPH), Distance : 371 ft
|
|
Batting: RHB Tony Batista
|
0-0: Called Strike 0-1: Ball 1-1: Swinging Strike 1-2: Strikes out looking
|
| Top of the 4th over - 3 runs, 2 hits, 0 errors, 0 left on base; Charlotte 3 - Orlando 2 |
| BOTTOM OF THE 4TH |
|
Orlando Devil Rays batting - Pitching for Charlotte Knights : RHP Kevin Tapani
|
|
Batting: RHB Brian Jordan
|
0-0: Fly out, F6 (Popup, 6D, EV 60.6 MPH)
|
|
Batting: LHB Paul O'Neill
|
0-0: Called Strike 0-1: Foul Ball, location: 2F 0-2: Ground out 5-3 (Groundball, 5, EV 87.5 MPH)
|
|
Batting: RHB Ivan Rodriguez
|
0-0: Ball 1-0: Fly out, F9 (Flyball, 9S, EV 90.0 MPH)
|
| Bottom of the 4th over - 0 runs, 0 hits, 0 errors, 0 left on base; Charlotte 3 - Orlando 2 |
| TOP OF THE 5TH |
|
Charlotte Knights batting - Pitching for Orlando Devil Rays : RHP John Smoltz
|
|
Batting: RHB Todd Zeile
|
0-0: Ball 1-0: Called Strike 1-1: Foul Ball, location: 2F 1-2: Ball 2-2: Foul Ball, location: 2F 2-2: Foul Ball, location: 2F 2-2: Ball 3-2: Foul Ball, location: 2F 3-2: Base on Balls
|
|
Batting: SHB Orlando Merced
|
0-0: Foul Ball, location: 2F 0-1: Ball 1-1: Foul Ball, location: 2F 1-2: Strikes out swinging
|
|
Batting: LHB Jason Giambi
|
0-0: Called Strike 0-1: Called Strike 0-2: Strikes out swinging
|
|
Batting: SHB Carl Everett
|
0-0: Ball 1-0: Ball 2-0: Called Strike 2-1: Ball 3-1: Foul Ball, location: 2F 3-2: Foul Ball, location: 2F 3-2: Foul Ball, location: 2F 3-2: Strikes out looking
|
| Top of the 5th over - 0 runs, 0 hits, 0 errors, 1 left on base; Charlotte 3 - Orlando 2 |
| BOTTOM OF THE 5TH |
|
Orlando Devil Rays batting - Pitching for Charlotte Knights : RHP Kevin Tapani
|
|
Batting: SHB Jose Valentin
|
0-0: Swinging Strike 0-1: Fly out, F9 (Flyball, 89XD, EV 85.6 MPH)
|
|
Batting: SHB Jose Oquendo
|
0-0: Ball 1-0: Fly out, F8 (Line Drive, 8LM, EV 93.1 MPH)
|
|
Batting: RHB Craig Biggio
|
0-0: Ball 1-0: Ball 2-0: Fly out, F8 (Flyball, 8LXD, EV 91.3 MPH)
|
| Bottom of the 5th over - 0 runs, 0 hits, 0 errors, 0 left on base; Charlotte 3 - Orlando 2 |
| TOP OF THE 6TH |
|
Charlotte Knights batting - Pitching for Orlando Devil Rays : RHP John Smoltz
|
|
Batting: RHB Nomar Garciaparra
|
0-0: Foul Ball, location: 2F 0-1: Foul Ball, location: 2F 0-2: Ball 1-2: Foul Ball, location: 2F 1-2: Ball 2-2: Strikes out swinging
|
|
Batting: RHB Shane Mack
|
0-0: SINGLE (Line Drive, 9S, EV 91.9 MPH)
|
|
Batting: RHB Chuck Knoblauch
|
0-0: Called Strike 0-1: Ball 1-1: Ball 2-1: Foul Ball, location: 2F 2-2: TRIPLE (Groundball, 3L, EV 102.5 MPH) Shane Mack scores
|
|
Batting: RHB Mark Carreon
|
0-0: Ball 1-0: Swinging Strike 1-1: Foul Ball, location: 2F 1-2: Strikes out swinging
|
|
Batting: RHB Tony Batista
|
0-0: Ball 1-0: Fly out, F8 (Flyball, 89D, EV 104.4 MPH)
|
| Top of the 6th over - 1 run, 2 hits, 0 errors, 1 left on base; Charlotte 4 - Orlando 2 |
| BOTTOM OF THE 6TH |
|
Orlando Devil Rays batting - Pitching for Charlotte Knights : RHP Kevin Tapani
|
|
Batting: RHB Ron Gant
|
0-0: Swinging Strike 0-1: Swinging Strike 0-2: Ball 1-2: Foul Ball, location: 2F 1-2: Ball 2-2: Fly out, F9 (Flyball, 89S, EV 96.3 MPH)
|
|
Batting: RHB Jeff Bagwell
|
0-0: Swinging Strike 0-1: Foul Ball, location: 2F 0-2: Foul Ball, location: 2F 0-2: Strikes out looking
|
|
Batting: RHB Tim Salmon
|
0-0: Foul Ball, location: 2F 0-1: Ball 1-1: Ball 2-1: Ball 3-1: Foul Ball, location: 2F 3-2: Fly out, F8 (Line Drive, 8LD, EV 96.9 MPH)
|
| Bottom of the 6th over - 0 runs, 0 hits, 0 errors, 0 left on base; Charlotte 4 - Orlando 2 |
| TOP OF THE 7TH |
|
Charlotte Knights batting - Pitching for Orlando Devil Rays : RHP John Smoltz
|
|
Batting: RHB Todd Zeile
|
0-0: Swinging Strike 0-1: Fly out, F9 (Flyball, 9D, EV 103.8 MPH)
|
|
Batting: SHB Orlando Merced
|
0-0: Called Strike 0-1: Ball 1-1: Swinging Strike 1-2: Ball 2-2: SINGLE (Groundball, 6MD, EV 94.4 MPH)
|
|
Pitching: RHP Rich Garces
|
|
|
Batting: LHB Jason Giambi
|
0-0: Ball 1-0: Swinging Strike 1-1: Swinging Strike 1-2: Foul Ball, location: 2F 1-2: Foul Ball, location: 2F 1-2: Ball 2-2: Ball 3-2: Foul Ball, location: 2F 3-2: Foul Ball, location: 2F 3-2: 2-RUN HOME RUN (Flyball, 8LXD, EV 93.8 MPH), Distance : 423 ft
|
|
Batting: SHB Carl Everett
|
0-0: Ball 1-0: Called Strike 1-1: Ball 2-1: Swinging Strike 2-2: SOLO HOME RUN (Flyball, 9D, EV 101.3 MPH), Distance : 368 ft
|
|
Batting: RHB Nomar Garciaparra
|
0-0: Swinging Strike 0-1: Ground out 5-3 (Groundball, 56, EV 99.4 MPH)
|
|
Batting: RHB Shane Mack
|
0-0: Called Strike 0-1: Ball 1-1: Swinging Strike 1-2: Foul Ball, location: 2F 1-2: Strikes out looking
|
| Top of the 7th over - 3 runs, 3 hits, 0 errors, 0 left on base; Charlotte 7 - Orlando 2 |
| BOTTOM OF THE 7TH |
|
Orlando Devil Rays batting - Pitching for Charlotte Knights : RHP Kevin Tapani
|
|
Batting: RHB Brian Jordan
|
0-0: Called Strike 0-1: Called Strike 0-2: Ball 1-2: Foul Ball, location: 2F 1-2: Ground out 4-3 (Groundball, 4, EV 91.3 MPH)
|
|
Batting: LHB Paul O'Neill
|
0-0: Foul Ball, location: 2F 0-1: Ball 1-1: Foul Ball, location: 2F 1-2: Ground out 4-3 (Groundball, 4, EV 75.0 MPH)
|
|
Batting: RHB Ivan Rodriguez
|
0-0: Ball 1-0: Called Strike 1-1: Ball 2-1: Fly out, F9 (Line Drive, 9, EV 92.5 MPH)
|
| Bottom of the 7th over - 0 runs, 0 hits, 0 errors, 0 left on base; Charlotte 7 - Orlando 2 |
| TOP OF THE 8TH |
|
Charlotte Knights batting - Pitching for Orlando Devil Rays : RHP Rich Garces
|
|
Batting: RHB Chuck Knoblauch
|
0-0: Foul Ball, location: 2F 0-1: Ball 1-1: Ball 2-1: Ball 3-1: Base on Balls
|
|
Pitching: LHP Shawn Estes
|
|
|
Batting: RHB Mark Carreon
|
0-0: Called Strike 0-1: Ball 1-1: Ball 2-1: Foul Ball, location: 2F 2-2: Ball 3-2: SINGLE (Line Drive, 56D, EV 93.8 MPH) Chuck Knoblauch to second Chuck Knoblauch to third
|
|
Batting: RHB Tony Batista
|
0-0: Ball 1-0: Grounds into double play, 6-4-3 (Groundball, 6M, EV 103.1 MPH) Chuck Knoblauch scores
|
|
Batting: RHB Todd Zeile
|
0-0: Ball 1-0: Ball 2-0: Ball 3-0: Called Strike 3-1: Base on Balls
|
|
Batting: SHB Orlando Merced
|
0-0: Swinging Strike 0-1: Foul Ball, location: 2F 0-2: Foul Ball, location: 2F 0-2: Strikes out swinging
|
| Top of the 8th over - 1 run, 1 hit, 0 errors, 1 left on base; Charlotte 8 - Orlando 2 |
| BOTTOM OF THE 8TH |
|
Orlando Devil Rays batting - Pitching for Charlotte Knights : RHP Kevin Tapani
|
|
Batting: SHB Jose Valentin
|
0-0: Ball 1-0: DOUBLE (Line Drive, 7LM, EV 105.6 MPH)
|
|
Batting: SHB Jose Oquendo
|
0-0: Ball 1-0: Foul Ball, location: 2F 1-1: Foul Ball, location: 2F 1-2: Ball 2-2: Foul Ball, location: 2F 2-2: DOUBLE (Line Drive, 7LM, EV 106.9 MPH) Jose Valentin scores
|
|
Batting: RHB Craig Biggio
|
0-0: Ball 1-0: Ball 2-0: Swinging Strike 2-1: Swinging Strike 2-2: Fly out, F6 (Popup, 56, EV 70.6 MPH)
|
|
Batting: RHB Ron Gant
|
0-0: Called Strike 0-1: Called Strike 0-2: Foul Ball, location: 2F 0-2: Ball 1-2: Strikes out swinging
|
|
Pitching: RHP Jose J. Bautista
|
|
|
Batting: RHB Jeff Bagwell
|
0-0: Called Strike 0-1: Ball 1-1: Ground out 6-3 (Groundball, 6, EV 89.4 MPH)
|
| Bottom of the 8th over - 1 run, 2 hits, 0 errors, 1 left on base; Charlotte 8 - Orlando 3 |
| TOP OF THE 9TH |
|
Charlotte Knights batting - Pitching for Orlando Devil Rays : LHP Shawn Estes
|
|
Batting: LHB Jason Giambi
|
0-0: Ball 1-0: Called Strike 1-1: Ball 2-1: SOLO HOME RUN (Line Drive, 9LD, EV 102.5 MPH), Distance : 379 ft
|
|
Batting: SHB Carl Everett
|
0-0: Ball 1-0: Foul Ball, location: 2F 1-1: Foul Ball, location: 2F 1-2: Ball 2-2: Ground out 4-3 (Groundball, 4S, EV 65.6 MPH)
|
|
Batting: RHB Nomar Garciaparra
|
0-0: Ball 1-0: Called Strike 1-1: Fly out, F7 (Flyball, 7, EV 83.8 MPH)
|
|
Batting: RHB Shane Mack
|
0-0: SINGLE (Line Drive, 8LS, EV 92.5 MPH)
|
|
Batting: RHB Chuck Knoblauch
|
0-0: Ground out 4-3 (Groundball, 4, EV 80.6 MPH)
|
| Top of the 9th over - 1 run, 2 hits, 0 errors, 1 left on base; Charlotte 9 - Orlando 3 |
| BOTTOM OF THE 9TH |
|
Orlando Devil Rays batting - Pitching for Charlotte Knights : RHP Jose J. Bautista
|
|
Batting: RHB Tim Salmon
|
0-0: Ball 1-0: Ground out U3 (Groundball, 34, EV 83.8 MPH)
|
|
Batting: RHB Brian Jordan
|
0-0: Ball 1-0: SINGLE (Line Drive, 34D, EV 101.3 MPH)
|
|
Batting: LHB Paul O'Neill
|
0-0: Called Strike 0-1: Foul Ball, location: 2F 0-2: Foul Ball, location: 2F 0-2: Ball 1-2: Strikes out looking
|
|
Batting: RHB Ivan Rodriguez
|
0-0: Called Strike 0-1: Ball 1-1: Ball 2-1: 2-RUN HOME RUN (Flyball, 9LD, EV 103.8 MPH), Distance : 339 ft
|
|
Batting: SHB Jose Valentin
|
0-0: Foul Ball, location: 2F 0-1: Ground out 4-3 (Groundball, 34D, EV 101.3 MPH)
|
| Bottom of the 9th over - 2 runs, 2 hits, 0 errors, 0 left on base; Charlotte 9 - Orlando 5 |
|